 Dungeon Crawl Stone Soup version 0.31.0-11-ge490571c62 (webtiles) character file.

Game seed: 593361038922497730

104 qw the Shooter (level 4, -1/22 HPs)
             Began as a Spriggan Hunter on Feb 4, 2024.
             Slain by an orc priest
             ... wielding a +0 club
              (3 damage)
             ... on level 3 of the Dungeon.
             The game lasted 00:00:13 (1738 turns).

qw the Shooter (Spriggan Hunter)                    Turns: 1738, Time: 00:00:13

Health: -1/22      AC:  2    Str:  7    XL:     4   Next: 52%
Magic:  5/5        EV: 21    Int: 10    God:
Gold:   113        SH:  0    Dex: 26    Spells: 3/3 levels left

rFire   . . .        a - +0 shortbow
rCold   . . .        (shield currently unavailable)
rNeg    . . .        c - +0 robe
rPois   .            (helmet restricted)
rElec   .            (no cloak)
rCorr   .            (gloves unavailable)
SInv    +            (boots unavailable)
Will    .....        (no amulet)
Stlth   ++           g - +6 ring of dexterity
HPRegen 0.23/turn    (no ring)
MPRegen 0.09/turn

%: no passive effects
@: very quick
A: very small, no large weapons, unfitting armour, see invisible, speed 3
a: no special abilities


You were on level 3 of the Dungeon.
You visited 1 branch of the dungeon, and saw 3 of its levels.

You collected 113 gold pieces.


Innate Abilities, Weirdness & Mutations

You are very small and have problems with some larger weapons.
You are too small for most types of armour.
You have supernaturally acute eyesight. (SInv)
You cover ground extremely quickly. (Speed+++)


   Skills:
 - Level 1.5 Fighting
 - Level 5.0 Ranged Weapons
 + Level 5.0 Dodging
 - Level 1.5 Stealth


You had 3 spell levels left.
You didn't know any spells.
Your spell library was empty.

Inventory:

Hand Weapons
 a - a +0 shortbow (weapon)
Armour
 c - a +0 robe (worn)
Jewellery
 d - a ring of ice
 g - a +6 ring of dexterity (left hand)
Wands
 b - a wand of paralysis (6)
Scrolls
 e - 2 scrolls of identify {unknown}
 k - a scroll of teleportation
Potions
 f - 3 potions of might
 i - a potion of attraction {unknown}
 j - a potion of degeneration {unknown}

Dungeon Overview and Level Annotations

Branches:
Dungeon (3/15)

Altars:


Message History

The orc is severely wounded.
The orc wizard gestures at you while chanting.
You easily resist.
The orc barely misses you.
You shoot an arrow. The arrow closely misses the orc.
The orc completely misses you.
You shoot an arrow.
The arrow hits the orc but does no damage.
The orc is severely wounded.
The orc wizard closely misses you.
You shoot an arrow. The arrow closely misses the orc.
The orc priest calls upon Beogh to heal the orc.
The orc's wounds heal themselves!
The orc misses you. The orc wizard barely misses you.
The orc completely misses you.
You shoot an arrow. The arrow hits the orc wizard.
The orc wizard is lightly wounded.
The orc closely misses you. The orc wizard barely misses you.
The orc misses you.
You shoot an arrow.
The arrow hits the orc wizard but does no damage.
The orc wizard is lightly wounded.
The orc wizard completely misses you. The orc priest hits you with a +0 club.
The orc misses you. The orc completely misses you.
You shoot an arrow.
The arrow closely misses the orc wizard.
The orc wizard hits you with a +0 dagger.
The orc priest misses you. The orc completely misses you.
The orc closely misses you.
You shoot an arrow. The arrow hits the orc wizard.
The orc wizard is moderately wounded.
The orc priest hits you but does no damage.
The orc hits you with a +0 mace. The orc wizard barely misses you.
The orc closely misses you. The orc priest barely misses you.
The orc misses you.
The orc wizard hits you with a +0 dagger.
The orc completely misses you.
You shoot an arrow. The arrow hits the orc wizard!
The orc wizard is almost dead.
The orc wizard gestures at you while chanting.
The magic dart hits you. The orc priest hits you with a +0 club.
You die...

##. ... #.. #.. # #.. #
#.. #
##)##.o########.########
......o@...<..#.#.......
......oo..#..##.#.######
.....###..#..##.#.# #..
.... ##.#..##.#.# #..
... #....##%#.# #.. ..
####...###.#.# #.. .
#......%...#.# ###
#.....###....#####
#.....# ###......#


You could see an orc priest, an orc wizard (invisible) and 2 orcs.

Vanquished Creatures
  Jessica (D:2)
  2 adders
  A dart slug (D:2)
  A ribbon worm (D:2)
  4 orcs (D:3)
  2 ball pythons
  3 endoplasms
  A giant cockroach (D:3)
  2 goblins
  6 hobgoblins
  6 jackals
  6 kobolds
  2 quokkas
  4 bats
  A frilled lizard (D:1)
  6 rats
48 creatures vanquished.

Notes
Turn   | Place    | Note
-------+----------+-------------------------------------------
     0 | D:1      | qw the Spriggan Hunter began the quest for the Orb.
     0 | D:1      | Reached XP level 1. HP: 10/10 MP: 2/2
     0 | D:1      | 0 ||| qw: Version: 0.3-a-160-g6735b56
     0 | D:1      | 0 ||| qw: Game counter: 5954
     0 | D:1      | 0 ||| qw: Melee chars always use a shield: true
     0 | D:1      | 0 ||| qw: God list: Okawaru
     0 | D:1      | 0 ||| qw: Allow faded altars: false
     0 | D:1      | 0 ||| qw: Do Orc after clearing Dungeon:15 true
     0 | D:1      | 0 ||| qw: Do second Lair branch before Depths: true
     0 | D:1      | 0 ||| qw: Lair rune preference: random
     0 | D:1      | 0 ||| qw: Goals: Normal
     0 | D:1      | 0 ||| PLANNING D:1-11
    40 | D:1      | Reached skill level 3 in Dodging
    70 | D:1      | Found a faded altar of an unknown god.
   229 | D:1      | Reached XP level 2. HP: 13/14 MP: 3/3
   620 | D:1      | 620 ||| READING scroll labelled QYTIWN HUWKOU.
   621 | D:1      | 621 ||| READING scroll labelled OTATIGR SEUZ.
   622 | D:1      | 622 ||| READING scroll labelled OWEOKK RUBIQIU.
   623 | D:1      | 623 ||| READING scroll labelled HAUJAE CEW SURCH.
   624 | D:1      | 624 ||| DRINKING 2 metallic inky potions.
   625 | D:1      | 625 ||| DROPPING scroll of butterflies.
   654 | D:2      | 654 ||| STAIRDANCE
   664 | D:2      | 664 ||| STAIRDANCE
   669 | D:2      | 669 ||| STAIRDANCE
   923 | D:2      | Reached XP level 3. HP: 18/18 MP: 4/4
  1198 | D:2      | Noticed Jessica
  1202 | D:2      | 1202 ||| FLEEEEING.
  1203 | D:2      | 1203 ||| FLEEEEING.
  1204 | D:2      | 1204 ||| FLEEEEING.
  1209 | D:2      | Killed Jessica
  1291 | D:2      | Reached XP level 4. HP: 22/22 MP: 5/5
  1395 | D:2      | 1395 ||| UPGRADING to +6 ring of dexterity.
  1396 | D:2      | 1396 ||| READING scroll labelled QOIPTAISETZ.
  1396 | D:2      | 1396 ||| ENCHANTING +0 shortbow.
  1397 | D:2      | 1397 ||| READING scroll labelled SEXOPT XUHUSENN.
  1398 | D:2      | 1398 ||| READING 2 scrolls labelled UDINKE LOYXOIQ.
  1401 | D:2      | 1401 ||| DRINKING 2 silvery potions.
  1402 | D:2      | 1402 ||| DRINKING fizzy purple potion.
  1403 | D:2      | 1403 ||| DROPPING potion of ambrosia.
  1500 | D:3      | 1500 ||| FLEEEEING.
  1738 | D:3      | HP: 2/22 [orc wizard/magic dart (6)]
  1738 | D:3      | Slain by an orc priest

Levels and vault maps discovered:
D:1:      amcnicky_arrival_blooded_trapdoor, layout_basic,
          chequers_ecumenical_altar_simple_redux
D:2:      layout_loops_ring, wad_floor_pattern_untrapped, uniq_jessica
D:3:      layout_basic, good_gods_temple_1, minmay_distorted

Skill      XL: |  1  2  3  4 |
---------------+-------------+-----
Dodging        | 3 4 5 |  5.0
Ranged Weapons | 5 |  5.0
Fighting       | |  1.5
Stealth        | |  1.5

Action                     |  1- 3 |  4- 6 || total
---------------------------+-------+-------++-------
   Fire: Shortbow          |    94 |    55 ||   149
    Use: Scroll            |     4 |     3 ||     7
         Potion            |     1 |     2 ||     3
 Armour: Robe              |     6 |    13 ||    19
  Dodge: Dodged            |    38 |    43 ||    81

Table legend:
 A = Non-vault XP
 B = Vault XP
 C = Vault XP percentage of total XP
 D = Non-vault monster count
 E = Vault monster count
 F = Vault count percentage of total count
                 A         B        C        D         E       F
            +---------+---------+-------+---------+---------+-------
      Total |     112 |      37 |  24.8 |      47 |       1 |   2.1
            +---------+---------+-------+---------+---------+-------
        D:1 |      25 |       0 |   0.0 |      15 |       0 |   0.0
        D:2 |      45 |      37 |  45.1 |      16 |       1 |   5.9
        D:3 |      42 |       0 |   0.0 |      16 |       0 |   0.0
            +---------+---------+-------+---------+---------+-------
